 Dungeon Crawl Stone Soup version 0.18.1-48-g4cf74bf (webtiles) character file.

483 Heedrag the Conjurer (level 6, -1/32 HPs)
             Began as a Deep Elf Conjurer on Aug 14, 2016.
             Slain by a hound (4 damage)
             ... on level 4 of the Dungeon.
             The game lasted 00:07:12 (3054 turns).

Heedrag the Conjurer (Deep Elf Conjurer)            Turns: 3054, Time: 00:07:13

Health: -1/32      AC:  4    Str:  7    XL:     6   Next: 88%
Magic:  13/17      EV: 13    Int: 20    God:
Gold:   231        SH:  0    Dex: 15    Spells: 3 memorised, 7 levels left

rFire  . . .     SeeInvis +     w - +2 quarterstaff (chaos)
rCold  . . .     Gourm    .     t - +1 robe
rNeg   . . .     Faith    .     (shield currently unavailable)
rPois  .         Spirit   .     (no helmet)
rElec  .         Dismiss  .     x - +0 cloak
rCorr  .         Reflect  .     (no gloves)
SustAt .         Harm     .     (no boots)
MR     .....                    (no amulet)
Stlth  ++........               (no ring)
                                p - ring of see invisible

@: not resistant to hostile enchantments, unstealthy
A: no striking features
a: no special abilities


You were on level 4 of the Dungeon.
You were very hungry.

You visited 1 branch of the dungeon, and saw 4 of its levels.

You collected 231 gold pieces.

Inventory:

Hand Weapons
 e - a +0 club
 w - a +2 quarterstaff of chaos (weapon)
Armour
 t - a +1 robe (worn)
 x - a +0 cloak (worn)
Jewellery
 p - a ring of see invisible (left hand)
Wands
 y - a wand of flame (32/48)
Scrolls
 d - 2 scrolls of teleportation {unknown}
 h - 3 scrolls of identify {unknown}
 i - a scroll of magic mapping {unknown}
 k - a scroll of immolation {unknown}
 q - 3 scrolls of enchant weapon {unknown}
 r - a scroll of remove curse {unknown}
 s - a scroll of fear {unknown}
 u - a scroll of noise {unknown}
Potions
 a - a potion of heal wounds {unknown}
 f - 3 potions of flight {unknown}
 g - 2 potions of curing {unknown}
 j - a potion of degeneration {unknown}
 l - 2 potions of magic {unknown}
 n - 2 potions of haste {unknown}
 o - a potion of ambrosia {unknown}
 v - a potion of brilliance {unknown}
Books
 b - a book of Conjurations

   Spells                             Type                      Level
   a - Magic Dart                     Conjuration                  1
   b - Searing Ray                    Conjuration                  2
   c - Dazzling Spray                 Conjuration/Hexes            3
   d - Fulminant Prism                Conjuration/Hexes            4
   e - Iskenderun's Mystic Blast      Conjuration                  4
   f - Iskenderun's Battlesphere      Conjuration/Charms           5
 m - a book of Minor Magic

   Spells                             Type                      Level
   a - Magic Dart                     Conjuration                  1
   b - Blink                          Translocation                2
   c - Call Imp                       Summoning                    2
   d - Repel Missiles                 Charms/Air                   2
   e - Slow                           Hexes                        2
   f - Conjure Flame                  Conjuration/Fire             3
   g - Mephitic Cloud                 Conjuration/Poison/Air       3
Comestibles
 c - a bread ration


   Skills:
 - Level 2.4 Dodging
 - Level 2.4 Stealth
 + Level 6.1 Spellcasting
 * Level 7.5 Conjurations
 + Level 3.0 Charms


You had 7 spell levels left.
You knew the following spells:

 Your Spells              Type           Power        Failure   Level  Hunger
a - Magic Dart            Conj           ####         1%          1    None
b - Iskenderun's Mystic   Conj           #####...     6%          4    ####...
c - Iskenderun's Battles  Conj/Chrm      ####....     38%         5    #####..


Dungeon Overview and Level Annotations

Branches:
Dungeon (4/15)
 Temple: D:4-7

Altars:
Fedhas
Okawaru
Zin

Annotations:
D:3 exclusion: oklob plant


Message History

Tha orc wizard gestures wildly while chantin'.
Tha orc wizard flickers an' vanishes fer a momn't.
Tha hound bites ye.
Tha orc throws a tomahawk.
Tha tomahawk barely misses ye.
Tha orc wizard points at ye an' mumbles some strange words.
Tha puff o' frost hits ye!
* * * LOW HITPOINT WARNIN'
* * * Tha worker ant waves its antennae.
Tha orc wizard looks bra'er fer a momn't.
Tha hound closely misses ye.
Ye see 'ere a tomahawk.
Tha worker ant bites ye.
* * * LOW HITPOINT WARNIN'
* * * Ye hit tha worker ant.
Ye feel better.
Tha worker ant be lightly wounded.
Tha worker ant bites ye but does nay damage.
Tha worker ant bites ye.
* * * LOW HITPOINT WARNIN'
* * * Tha hound bites ye.
Ye die...

..........## #.........
...........## #.........
............# ##........
...........o.###.......#######
..........(#.....##..###....<#
...........##.o...####.....###
............##.....#.....###
............###ah......###
......o....#####@....###
.....o.o..## #......).#
.........###.....#.....#
.......###.....####.....#
.......# ....## ##.....#
.......# #### #.###.# ......##
... ... .###.## ...# #.. .#
### ... #.


You could see a hound, a worker ant, an orc wizard (invisible) and an orc.

Vanquished Creatures
  Menkaure (D:4)
  An ogre (D:4)
  Crazy Yiuf (D:3)
  Jessica (D:3)
  Natasha (thrice) (D:3)
  3 adders (D:3)
  2 oozes (D:1)
  An adder skeleton (D:4)
  2 worms
  A dart slug (D:3)
  3 giant geckos
  8 orcs (D:3)
  8 giant cockroaches
  8 goblins
  7 hobgoblins
  9 jackals
  13 kobolds
  2 quokkas
  2 ball pythons
  9 bats
  3 giant newts
  5 rats
93 creatures vanquished.

Vanquished Creatures (others)
  4 toadstools (D:1)
4 creatures vanquished.

Grand Total: 97 creatures vanquished

Notes
Turn   | Place    | Note
--------------------------------------------------------------
     0 | D:1      | Heedrag the Deep Elf Conjurer began the quest for the Orb.
     0 | D:1      | Reached XP level 1. HP: 10/10 MP: 6/6
   139 | D:1      | Reached XP level 2. HP: 15/15 MP: 5/8
   349 | D:1      | Reached skill level 5 in Conjurations
   349 | D:1      | Reached XP level 3. HP: 19/19 MP: 5/10
   612 | D:1      | You fall through a shaft!
   657 | D:2      | Found a glowing silver altar of Zin.
  1595 | D:3      | Reached XP level 4. HP: 24/24 MP: 10/12
  1620 | D:3      | Learned a level 4 spell: Iskenderun's Mystic Blast
  1623 | D:3      | Noticed Natasha
  1629 | D:3      | Killed Natasha
  1635 | D:3      | Found a blossoming altar of Fedhas.
  1635 | D:3      | Noticed Jessica
  1639 | D:3      | Killed Jessica
  1732 | D:3      | Noticed an oklob plant
  1794 | D:3      | Reached skill level 6 in Conjurations
  1852 | D:3      | Noticed Natasha
  1855 | D:3      | Killed Natasha
  1855 | D:3      | Reached skill level 5 in Spellcasting
  1855 | D:3      | Reached XP level 5. HP: 28/28 MP: 6/14
  2099 | D:3      | Found an iron altar of Okawaru.
  2476 | D:3      | Learned a level 5 spell: Iskenderun's Battlesphere
  2476 | D:3      | Noticed Crazy Yiuf
  2498 | D:3      | Killed Crazy Yiuf
  2555 | D:3      | Reached skill level 1 in Charms
  2593 | D:3      | Noticed Natasha
  2596 | D:3      | Killed Natasha
  2655 | D:3      | Reached XP level 6. HP: 29/32 MP: 6/16
  2794 | D:4      | Reached skill level 7 in Conjurations
  2915 | D:4      | Noticed Menkaure
  2923 | D:4      | Killed Menkaure
  3054 | D:4      | Slain by a hound

Skill      XL: |  1  2  3  4  5  6 |
---------------+-------------------+-----
Conjurations   | 5 6 7 |  7.5
Spellcasting   | 4 5 6 |  6.1
Charms         | 1 3 |  3.0
Dodging        | |  2.4
Stealth        | |  2.4

Action                   |  1- 3 |  4- 6 || total
-------------------------+-------+-------++-------
Melee: Unarmed           |     3 |       ||     3
       Quarterstaff      |       |     1 ||     1
 Cast: Magic Dart        |    96 |   125 ||   221
       Iskenderun's Myst |       |     2 ||     2
  Eat: Chunk             |     1 |     4 ||     5
Armor: Robe              |     4 |     6 ||    10
Dodge: Dodged            |    18 |    25 ||    43
